 Dungeon Crawl Stone Soup version 0.27-a0-1322-gfdffb62a71 (webtiles) character file.

Game seed: 15924031686493796451

8263 sanka the Martial Artist (level 11, -5/78 HPs)
             Began as an Octopode Monk on June 22, 2021.
             Was a High Priest of Okawaru.
             Slain by Snorg (21 damage)
             ... on level 11 of the Dungeon.
             The game lasted 00:18:58 (12371 turns).

sanka the Martial Artist (Octopode Monk)           Turns: 12371, Time: 00:18:59

Health: -5/78      AC:  1    Str: 11    XL:     11   Next: 28%
Magic:  23/23      EV: 22    Int: 12    God:    Okawaru [*****.]
Gold:   285        SH:  0    Dex: 18    Spells: 10/10 levels left

rFire    . . .     SeeInvis .     - Unarmed
rCold    . . .     Faith    .   (no shield)
rNeg     . . .     Spirit   .   (helmet restricted)
rPois    +         Reflect  .   (no amulet)
rElec    .         Harm     .   u - ring of wizardry
rCorr    +         Rampage  .   w - +4 ring of evasion
Will     .....                  x - ring of magical power
Stlth    +++.......             r - +4 ring of slaying
HPRegen  0.23/turn              g - ring of poison resistance
MPRegen  0.18/turn              L - ring of Anefry {rCorr Slay+3}
                                (no ring)
                                (no ring)

@: about to teleport, marked
A: almost no armour, amphibious, 8 rings, camouflage 1, gelatinous body 1,
(nimble swimmer 1), tentacles
a: Renounce Religion, Heroism, Finesse


You were on level 11 of the Dungeon.
You worshipped Okawaru.
Okawaru was extremely pleased with you.
You visited 1 branch of the dungeon, and saw 11 of its levels.

You collected 609 gold pieces.
You spent 324 gold pieces at shops.


Innate Abilities, Weirdness & Mutations

You cannot wear most types of armour.
You are amphibious.
You can wear up to eight rings at the same time.
Your skin changes colour to match your surroundings (Stealth+).
Your rubbery body absorbs attacks. (AC +1, EV +1)
((You are camouflaged near water. (Stealth+)))
You have tentacles for arms and can constrict up to eight enemies at once.


   Skills:
 + Level 8.9 Fighting
 + Level 8.9 Dodging
 - Level 2.6 Stealth
 * Level 11.9 Unarmed Combat
 + Level 4.8 Invocations


You had 10 spell levels left.
You didn't know any spells.
Your spell library contained the following spells:

 Spells                   Type           Power      Damage    Failure   Level
 Apportation              Tloc           0%         N/A       13%         1
 Corona                   Hex            0%         N/A       13%         1
 Freeze                   Ice            0%         1d3       13%         1
 Ensorcelled Hibernation  Hex/Ice        0%         N/A       21%         2
 Confusing Touch          Hex            0%         N/A       36%         3
 Dazzling Flash           Conj/Hex       0%         N/A       36%         3
 Frozen Ramparts          Ice            0%         1d2       36%         3
 Lesser Beckoning         Tloc           0%         N/A       36%         3
 Ozocubu's Armour         Ice            0%         N/A       36%         3
 Tukima's Dance           Hex            0%         N/A       36%         3
 Hailstorm                Conj/Ice       0%         3d3       75%         4
 Alistair's Intoxication  Tmut/Pois      0%         N/A       97%         5
 Bolt of Magma            Conj/Fire/Erth 0%         4d4       97%         5
 Iskenderun's Battlesphe  Conj           0%         2d6       97%         5
 Metabolic Englaciation   Hex/Ice        0%         N/A       97%         5
 Invisibility             Hex            0%         N/A       100%        6
 Iron Shot                Conj/Erth      0%         9d1       100%        6
 Orb of Destruction       Conj           0%         N/A       100%        7
 Spellforged Servitor     Conj/Summ      0%         N/A       100%        7

Inventory:

Missiles
 j - 4 throwing nets (quivered) {=f}
Magical Staves
 q - a staff of earth
 v - a staff of death
Jewellery
 b - a ring of fire
 g - a ring of poison resistance (on tentacle)
 r - a +4 ring of slaying (on tentacle)
 u - a ring of wizardry (left tentacle)
 w - a +4 ring of evasion (right tentacle)
 x - a ring of magical power (on tentacle)
 L - the ring of Anefry (on tentacle) {rCorr Slay+3}

   [ring of resist corrosion]

   It affects your accuracy and damage with ranged weapons and melee attacks
   (+3).
   It protects you from acid and corrosion.
Wands
 s - a wand of paralysis (10)
 C - a wand of iceblast (8)
Scrolls
 a - 2 scrolls of summoning
 d - 2 scrolls of magic mapping
 h - 3 scrolls of immolation {!r}
 l - a scroll of holy word {unknown}
 n - a scroll of silence {unknown}
 p - 3 scrolls of blinking {unknown}
 t - 2 scrolls of enchant armour
 y - a scroll of amnesia {unknown}
 B - 3 scrolls of teleportation {@r4}
 E - a scroll of noise {unknown}
 F - a scroll of vulnerability {unknown}
 H - 2 scrolls of fear
 I - 3 scrolls of identify {@r1}
 J - a scroll of acquirement {unknown}
Potions
 c - a potion of lignification {unknown}
 e - 2 potions of berserk rage {unknown}
 f - 3 potions of attraction {!q}
 i - 4 potions of curing {@q1}
 k - 2 potions of brilliance
 m - a potion of mutation {unknown}
 o - a potion of invisibility {unknown}
 z - 5 potions of degeneration {unknown}
 A - a potion of heal wounds {@q2}
 D - a potion of resistance {unknown}
 G - a potion of might {unknown}
Miscellaneous
 K - a box of beasts

Dungeon Overview and Level Annotations

Branches:
Dungeon (11/15)            Temple (0/1) D:6            Lair (0/6) D:8
    Orc (0/2) D:9

Altars:
Gozag
Nemelex Xobeh
Okawaru
Qazlal
Vehumet
Xom
The Shining One

Shops:
D:7 **   D:8 (![?

Annotations:
D:4 1 runed translucent door, Crazy Yiuf
D:9 3 runed translucent doors, exclusions: 3 doors, obsidian statue and two-headed ogre, Gwenloh's ghost, novice DrAE
D:11 Nergalle; Snorg

.▒.... .£......▒
▒.......▒▒ ▒▒.. ▒....▒
▒..▒▒▒....▒▒▒ ▒▒.
▒▒...........▒▒▒▒....
▒▒▒....▒▒.▒▒.Z.........
▒▒▒.......u...o.xZ.......
..▒...........ZTZ........
................ZZ.......
....▒▒...................
....▒▒..............>....
....▒▒........W...▒▒▒▒▒..
....▒....K.▒.....▒▒ .
..▒▒.......▒.......
.............▒▒▒▒▒..


You could see Snorg (berserk), a brown ugly thing, Nergalle (fast), 4 spectral
orcs, 2 spectral orc knights, a shadow and a kobold.


Message History

Okay, then.
Something closely misses you. Something hits you. Something closely misses you.
Nergalle gestures at you while chanting.
Orcish apparitions take form around you.
Something hits you. Nergalle barely misses you. Something hits you.
A shadow comes into view.
Nergalle closely misses you. Something barely misses you.
The spectral orc barely misses you. Something barely misses you.
Nergalle points at you and mumbles some strange words.
Orcish apparitions take form around you.
Something barely misses you. The spectral orc barely misses you.
Something closely misses you.
Nergalle gestures at you while chanting.
Orcish apparitions take form around you.
Something misses you.
As you read the scroll of teleportation {@r4}, it crumbles to dust.
You feel strangely unstable. Something misses you. Snorg bites you!!
* * * LOW HITPOINT WARNING * * *
Snorg barely misses you. Snorg claws you!!
You die...

Action                   |  1- 3 |  4- 6 |  7- 9 | 10-12 || total
-------------------------+-------+-------+-------+-------++-------
Melee: Unarmed           |    58 |   147 |   207 |   191 ||   603
       Tentacles         |    14 |    25 |    53 |    34 ||   126
       Constrict         |    16 |    32 |    34 |    31 ||   113
       Punch             |     1 |     6 |    19 |    17 ||    43
Throw: Throwing net      |       |     2 |       |       ||     2
Invok: Heroism           |       |       |    12 |    11 ||    23
  Use: Potion            |       |       |     3 |       ||     3
       Scroll            |       |       |     4 |     1 ||     5
 Stab: Sleeping          |     6 |    12 |     6 |     2 ||    26
Armor: Skin              |     5 |     6 |     3 |     4 ||    18
Dodge: Dodged            |    29 |    62 |   151 |   178 ||   420

Levels and vault maps discovered:
D:1:      wander_arrival_estate, layout_basic,
          ebering_ecumenical_altar_petrified, minmay_misc_feat_more_columns
D:2:      layout_loops_cross
D:3:      layout_loops_ring, fiery_altar_vehumet, serial_glass, glass_columns_a,
          glass_columns_a, glass_columns_a, glass_columns_a, glass_columns_b,
          glass_columns_a, guppyfry_early_lair_pool
D:4:      layout_cave_pools, st_stairs_3, minmay_misc_feat_tower,
          uniq_crazy_yiuf_cottage
D:5:      layout_gridville, general_overflow_altar, old_standard_altar,
          hangedman_decor_slide_cut, grunt_decor_fettered, grunt_tough_drop
D:6:      layout_cave_pools, minmay_temple_entry_offerings
D:7:      layout_gridville, nicolae_specific_store, uniq_menkaure
D:8:      layout_basic, dpeg_lair_monsters, serial_aquarium,
          aquarium_bridge_square [aquarium_subvault_bridge,
          aquarium_subvault_wall, aquarium_subvault_bridge,
          aquarium_subvault_bridge], aquarium_bridge_square
          [aquarium_subvault_balcony, aquarium_subvault_balcony,
          aquarium_subvault_bridge, aquarium_subvault_window],
          aquarium_window_corner, aquarium_window_double, aquarium_view_2f,
          aquarium_view_2g, aquarium_pool_corner, serial_shops,
          nicolae_stop_n_shop_2, nicolae_shop_waterfront, shop,
          nicolae_shop_stone
D:9:      layout_layer_cave, orc_0_dummy, ebering_ghost_gozag
D:10:     layout_irregular_city, minitemple, minmay_misc_feat_chi,
          kennysheep_decorative_pillar
D:11:     layout_cave_pools, kb_lookout_dungeons_type, fedhas_altar_fruit_tree,
          uniq_erica, uniq_snorg, uniq_erolcha, uniq_nergalle

Notes
Turn   | Place    | Note
-------+----------+-------------------------------------------
     0 | D:1      | sanka the Octopode Monk began the quest for the Orb.
     0 | D:1      | Reached XP level 1. HP: 16/16 MP: 1/1
   143 | D:1      | Reached XP level 2. HP: 19/21 MP: 2/2
   286 | D:1      | Found a faded altar of an unknown god.
   552 | D:1      | Reached XP level 3. HP: 26/26 MP: 3/3
  1594 | D:3      | Reached skill level 4 in Unarmed Combat
  1594 | D:3      | Reached XP level 4. HP: 15/31 MP: 4/4
  2147 | D:3      | Reached XP level 5. HP: 36/37 MP: 5/5
  2710 | D:3      | Found a radiant altar of Vehumet.
  2942 | D:4      | Noticed an ogre
  2949 | D:4      | Killed an ogre
  2950 | D:4      | Reached skill level 4 in Fighting
  2950 | D:4      | Reached skill level 4 in Dodging
  2950 | D:4      | Reached skill level 5 in Unarmed Combat
  2950 | D:4      | Reached XP level 6. HP: 34/43 MP: 6/6
  3355 | D:4      | Found a runed translucent door.
  3356 | D:4      | Noticed Crazy Yiuf
  3857 | D:5      | Entered Level 5 of the Dungeon
  4002 | D:5      | Noticed a necrophage
  4019 | D:5      | Killed a necrophage
  4020 | D:5      | Reached skill level 6 in Unarmed Combat
  4020 | D:5      | Reached XP level 7. HP: 25/49 MP: 7/7
  4177 | D:5      | Found an iron altar of Okawaru.
  4539 | D:5      | Reached skill level 5 in Fighting
  4539 | D:5      | Reached skill level 5 in Dodging
  5088 | D:5      | Found a glowing golden altar of the Shining One.
  5200 | D:5      | Reached skill level 7 in Unarmed Combat
  5200 | D:5      | Reached XP level 8. HP: 51/55 MP: 8/8
  5307 | D:5      | Became a worshipper of Warmaster Okawaru
  5307 | D:5      | Reached * piety under Okawaru
  5307 | D:5      | Reached ** piety under Okawaru
  5383 | D:6      | Found a staircase to the Ecumenical Temple.
  5436 | D:6      | HP: 2/56 [phantom (5)]
  5723 | D:6      | Reached skill level 2 in Invocations
  5954 | D:6      | Reached skill level 8 in Unarmed Combat
  6145 | D:6      | Reached skill level 6 in Fighting
  6145 | D:6      | Reached skill level 6 in Dodging
  6231 | D:6      | Reached *** piety under Okawaru
  6232 | D:6      | Reached XP level 9. HP: 62/62 MP: 7/11
  6433 | D:7      | Reached skill level 3 in Invocations
  6493 | D:7      | Noticed Menkaure
  6498 | D:7      | Killed Menkaure
  6742 | D:7      | Found Abien's Specific Store.
  6744 | D:7      | Found Mezor's General Store.
  6853 | D:7      | Bought a potion of heal wounds for 65 gold pieces
  6853 | D:7      | Bought 3 scrolls of teleportation for 117 gold pieces
  7246 | D:7      | Reached skill level 9 in Unarmed Combat
  7336 | D:7      | Reached skill level 4 in Invocations
  7713 | D:7      | Reached skill level 7 in Fighting
  7713 | D:7      | Reached skill level 7 in Dodging
  7827 | D:7      | Reached **** piety under Okawaru
  7828 | D:7      | Reached skill level 10 in Unarmed Combat
  7828 | D:7      | Reached XP level 10. HP: 25/71 MP: 13/13
  8200 | D:8      | Found Iniuwim's Antique Weapon Shop.
  8202 | D:8      | Noticed a death yak
  8207 | D:8      | Noticed a death yak
  8233 | D:8      | Noticed a death yak
  8327 | D:8      | Found Gekaen's Magic Scroll Shop.
  8473 | D:8      | Found Qovuuzokh's Armour Shoppe.
  8538 | D:8      | Found Elooth's Distillery.
  8766 | D:8      | Found a staircase to the Lair.
  9051 | D:8      | Killed a death yak
  9114 | D:8      | Killed a death yak
  9114 | D:8      | Reached ***** piety under Okawaru
  9115 | D:8      | Reached skill level 8 in Fighting
  9115 | D:8      | Reached skill level 8 in Dodging
  9375 | D:8      | Killed a death yak
  9376 | D:8      | Reached skill level 11 in Unarmed Combat
  9492 | D:8      | Bought a scroll of fear for 38 gold pieces
  9492 | D:8      | Bought a scroll of summoning for 104 gold pieces
  9499 | D:9      | Found a runed translucent gate.
  9499 | D:9      | Found a runed translucent gate.
  9499 | D:9      | Found a runed translucent gate.
  9499 | D:9      | Found an opulent altar of Gozag.
  9499 | D:9      | Noticed an obsidian statue
  9521 | D:9      | Noticed Gwenloh's ghost (novice DrAE)
  9657 | D:9      | Noticed a two-headed ogre
 10037 | D:9      | Reached XP level 11. HP: 59/78 MP: 14/14
 10914 | D:9      | Found a staircase to the Orcish Mines.
 11324 | D:10     | Entered Level 10 of the Dungeon
 11791 | D:10     | Identified the ring of Anefry {rCorr Slay+3}
 12229 | D:10     | Found a shimmering altar of Xom.
 12231 | D:10     | Found a stormy altar of Qazlal.
 12236 | D:10     | Found a sparkling altar of Nemelex Xobeh.
 12360 | D:11     | Noticed Snorg
 12360 | D:11     | Noticed a brown ugly thing
 12363 | D:11     | Noticed Nergalle
 12371 | D:11     | Slain by Snorg

Vanquished Creatures
  3 death yaks (D:8)
  5 centaur zombies
  A troll (D:10)
  A shadow (D:8)
  2 wyverns
  2 wraiths (D:9)
  5 yaks
  Menkaure (D:7)
  3 water moccasins (D:7)
  An ice beast (D:7)
  A black bear (D:7)
  A sky beast (D:6)
  3 orc warriors
  A necrophage (D:5)
  4 ogres
  3 centaurs
  2 phantoms
  3 bullfrogs
  3 scorpions
  A gnoll sergeant (D:10)
  3 killer bees (D:9)
  A howler monkey (D:5)
  13 wights
  A hound (D:4)
  2 jellies
  3 orc priests
  A bullfrog skeleton (D:5)
  2 gnoll shamans
  5 iguanas
  9 orc wizards
  2 hell rats (D:8)
  2 hound zombies (D:5)
  A hound skeleton (D:4)
  6 adders
  13 gnolls
  2 river rats (D:8)
  A white imp (D:7)
  2 ufetubi
  An adder skeleton (D:4)
  3 worms
  2 dart slugs
  29 orcs
  5 endoplasms
  6 giant cockroaches
  7 goblins
  7 hobgoblins
  4 kobolds
  8 quokkas
  3 ball pythons
  3 bats
  A frilled lizard (D:2)
  5 rats
199 creatures vanquished.

Vanquished Creatures (others)
  3 withered plants (D:1)
3 creatures vanquished.

Grand Total: 202 creatures vanquished
